 Dungeon Crawl Stone Soup version 0.31-a0-705-ga145531891 (webtiles) character file.

Game seed: 4055096739037450681

4106 Armakuni the Fighter (level 10, -1/81 HPs)
             Began as an Octopode Shapeshifter on Sept 3, 2023.
             Was a Follower of Vehumet.
             Slain by a vampire (9 damage)
             ... on level 6 of the Dungeon on Sept 9, 2023.
             The game lasted 00:32:37 (6856 turns).

Armakuni the Fighter (Octopode Shapeshifter)        Turns: 6856, Time: 00:32:38

Health: -1/81      AC:  5    Str: 19    XL:     10   Next: 26%
Magic:  11/15      EV: 14    Int: 13    God:    Vehumet [*.....]
Gold:   765        SH:  0    Dex: 10    Spells: 15/16 levels left

rFire   . . .        a - +2 trident (venom)
rCold   + . .        (no shield)
rNeg    . . .        (helmet currently unavailable)
rPois   +            A - amulet of the acrobat
rElec   .            S - +4 ring of protection
rCorr   .            J - ring of protection from cold
SInv    .            (no ring)
Will    .....        (no ring)
Stlth   ++           (no ring)
HPRegen 0.33/turn    (no ring)
MPRegen 0.14/turn    (no ring)
                     (no ring)

%: acrobat
@: beast-form
A: beast (slay +4), almost no armour, amphibious, 8 rings, camouflage 1,
gelatinous body 1, (nimble swimmer 1), tentacles, dopey 1, poison resistance,
strong 1
a: Begin Untransformation, Renounce Religion


You were on level 6 of the Dungeon.
You worshipped Vehumet.
Vehumet was aware of your devotion.
You were a hulking beast.
You visited 2 branches of the dungeon, and saw 8 of its levels.

You collected 765 gold pieces.

Inventory:

Hand Weapons
 a - a +2 trident of venom (weapon)
 b - a +2 long sword of protection
Armour
 e - an orb of energy
Jewellery
 A - an amulet of the acrobat (around mantle)
 J - a ring of protection from cold (right tentacle)
 S - a +4 ring of protection (left tentacle)
Talismans
 c - a flux talisman
 q - a beast talisman (active)
Wands
 p - a wand of polymorph (7)
Scrolls
 d - a scroll of fog
 g - a scroll of enchant armour
 h - a scroll of vulnerability
 l - a scroll of revelation
Potions
 j - a potion of cancellation


   Skills:
 - Level 12.3 Fighting
 - Level 4.6 Dodging
 - Level 3.0 Unarmed Combat
 + Level 3.6 Spellcasting
 + Level 4.0 Earth Magic
 - Level 5.0 Evocations
 - Level 7.0 Shapeshifting


You had 15 spell levels left.
You knew the following spells:

 Your Spells              Type           Power      Damage    Failure   Level
z - Sandblast             Erth           24%        2d8       4%          1

Your spell library contained the following spells:

 Spells                   Type           Power      Damage    Failure   Level
 Kiss of Death            Conj/Necr      8%         2d6       22%         1
 Slow                     Hex            8%         N/A       22%         1
 Confusing Touch          Hex            2%         N/A       54%         3
 Sigil of Binding         Hex            2%         N/A       54%         3
 Vampiric Draining        Necr           2%         2d6       54%         3


Dungeon Overview and Level Annotations

Branches:
Dungeon (7/15)             Temple (1/1) D:5

Altars:
Ashenzari
Cheibriados
Dithmenos
Elyvilon
Fedhas
Gozag
Hepliaklqana
Kikubaaqudgha
Makhleb
Nemelex Xobeh
Okawaru
Qazlal
Ru
Sif Muna
Trog
Uskayaw
Vehumet
Wu Jian
Yredelemnul
Zin
The Shining One


Innate Abilities, Weirdness & Mutations

You are a hulking beast.
Your limbs bulge with bestial killing power. (Slay +4)
You cannot wear most types of armour.
You are amphibious.
You can wear up to eight rings at the same time.
Your skin changes colour to match your surroundings (Stealth+).
Your rubbery body absorbs attacks. (AC +1, EV +1)
((You are camouflaged when in or above water. (Stealth+)))
You have tentacles for arms and can constrict up to eight enemies at once.
You are dopey. (Int -2)
Your system is resistant to poisons. (rPois)
Your muscles are strong. (Str +4, Int/Dex -1)


Message History

You hit something. Something barely misses you. Something bites you.
Something draws strength from your injuries!
You hit something. You squeeze something. Something hits you!
Something bites you!
Something draws strength from your injuries!
Something hits you. Something bites you.
Something draws strength from your injuries!
You closely miss something. Something hits you but does no damage.
Something bites you!
Something draws strength from your injuries!
You barely miss something. Something hits you! Something barely misses you.
You miss something. Your squeeze misses something. Something hits you!
Something bites you.
Something draws strength from your injuries!
Okay, then.
Okay, then.
Unknown command.
Aiming: Sandblast (safe; 4% risk of failure)
Press: ? - help, Q - select action, (/) - cycle Shift-Dir - straight line Something hits you.
* * * LOW HITPOINT WARNING * * *
Something bites you.
* * * LOW HITPOINT WARNING * * *
Something draws strength from your injuries!
Something hits you.
* * * LOW HITPOINT WARNING * * *
Something barely misses you.
Aiming: Sandblast (safe; 4% risk of failure)
Press: ? - help, Q - select action, (/) - cycle Shift-Dir - straight line The blast of sand hits something but does no damage.
Something hits you.
* * * LOW HITPOINT WARNING * * *
Something bites you!
* * * LOW HITPOINT WARNING * * *
Something draws strength from your injuries!
Unknown command.
Aiming: Sandblast (safe; 4% risk of failure)
Press: ? - help, Q - select action, (/) - cycle Shift-Dir - straight line Something hits you!
You die...

##### #.#....'##########'...PP~..
....###.........##..#.....#P~~~..
...................##..##...P♣~..
..........................#####.#
#...##....################# ###
#...##....# #.........
#...##....# #.........
#...##....# #.........
#...##....# #.h{......
.......(..#####'##############
..............#.........#....#
......#..######.........#....#
#.>.##.).# #.........#...(#
#...#..#.# #.........#....#
#...#.##.#### #...†.....'....####
#...........###...).....#....#...
.....#........#.........#....#.⌠.


There were no monsters in sight!

Vanquished Creatures
  Pikel (D:3)
  A deep elf pyromancer (D:6)
  Sigmund (D:4)
  A slime creature (D:6)
  A shadow (D:6)
  A wyvern (D:6)
  A water moccasin (D:5)
  Duvessa (D:4)
  2 orc warriors
  2 sky beasts
  2 ice beasts
  3 ogres
  2 phantoms
  3 lemures
  2 scorpions
  Dowan (D:4)
  A killer bee (D:6)
  3 howler monkeys
  6 hounds
  2 orc priests (D:6)
  3 jellies
  Ijyb (D:4)
  3 iguanas
  2 orc wizards (D:6)
  3 sleepcaps (D:6)
  10 gnolls
  5 adders
  A shadow imp (D:6)
  A white imp (D:7)
  An ufetubus (D:5)
  4 worms
  7 dart slugs
  17 orcs
  7 ball pythons
  8 endoplasms
  A giant cockroach (D:3)
  4 goblins
  7 hobgoblins
  14 jackals
  10 kobolds
  2 quokkas
  8 bats
  3 frilled lizards
  6 rats
165 creatures vanquished.

Notes
Turn   | Place    | Note
-------+----------+-------------------------------------------
     0 | D:1      | Armakuni the Octopode Shapeshifter began the quest for the
                  | Orb.
     0 | D:1      | Reached XP level 1. HP: 13/13 MP: 1/1
    59 | D:1      | Reached XP level 2. HP: 16/18 MP: 2/2
   209 | D:1      | Reached XP level 3. HP: 14/23 MP: 3/3
   609 | D:1      | Upgraded the game from 0.31-a0-667-g39726597b9 to
                  | 0.31-a0-705-ga145531891
   898 | D:2      | Reached XP level 4. HP: 28/28 MP: 4/4
  1052 | D:2      | Reached skill level 5 in Shapeshifting
  1179 | D:2      | Reached XP level 5. HP: 33/33 MP: 5/5
  1848 | D:3      | Found a broken altar of Ashenzari.
  2462 | D:4      | Noticed a lemure
  2464 | D:4      | Noticed a lemure
  2467 | D:4      | Noticed a lemure
  2469 | D:4      | Noticed Pikel
  2520 | D:3      | Killed a lemure
  2619 | D:4      | Noticed a lemure
  2763 | D:4      | Killed a lemure
  2802 | D:4      | Noticed Ijyb
  2832 | D:4      | HP: 2/49 [Ijyb/puff of flame (10)]
  2835 | D:4      | Killed Ijyb
  3049 | D:4      | Killed a lemure
  3095 | D:4      | Noticed Sigmund
  3230 | D:4      | Noticed Duvessa
  3236 | D:4      | Killed Sigmund
  3237 | D:4      | Reached XP level 6. HP: 34/38 MP: 6/6
  3242 | D:4      | Reached skill level 12 in Fighting
  3242 | D:4      | Reached XP level 7. HP: 59/63 MP: 7/7
  3248 | D:4      | Noticed Dowan
  3265 | D:4      | Killed Duvessa
  3402 | D:5      | Entered Level 5 of the Dungeon
  3487 | D:5      | Reached skill level 1 in Evocations
  3487 | D:5      | Reached XP level 8. HP: 69/69 MP: 8/8
  3564 | D:5      | Found a hide-covered altar of Uskayaw.
  3913 | D:4      | Killed Dowan
  4074 | D:4      | Found an ornate altar of the Wu Jian Council.
  4127 | D:5      | Found a shimmering blue altar of Sif Muna.
  4403 | D:3      | Killed Pikel
  4663 | D:5      | Found a staircase to the Ecumenical Temple.
  4670 | D:5      | Reached XP level 9. HP: 73/74 MP: 9/9
  4683 | Temple   | Entered the Ecumenical Temple
  4689 | Temple   | Became a worshipper of Vehumet
  4791 | D:5      | Found a burning altar of Makhleb.
  4937 | D:5      | Reached skill level 5 in Evocations
  5432 | D:6      | Reached * piety under Vehumet
  5432 | D:6      | Offered knowledge of Sandblast by Vehumet.
  5435 | D:6      | Learned a level 1 spell: Sandblast
  5921 | D:7      | Reached skill level 1 in Spellcasting
  5921 | D:7      | Reached skill level 1 in Earth Magic
  6329 | D:6      | Reached XP level 10. HP: 58/81 MP: 13/13
  6418 | D:6      | Noticed a deep elf pyromancer
  6440 | D:6      | Gained mutation: Your system is resistant to poisons.
                  | (rPois) [potion of mutation]
  6440 | D:6      | Gained mutation: You are dopey. (Int -2) [potion of
                  | mutation]
  6440 | D:6      | Gained mutation: Your muscles are strong. (Str +4, Int/Dex
                  | -1) [potion of mutation]
  6463 | D:6      | HP: 3/121 [deep elf pyromancer/+0 long sword (5)]
  6464 | D:6      | Killed a deep elf pyromancer
  6464 | D:6      | Reached ** piety under Vehumet
  6464 | D:6      | Offered knowledge of Kiss of Death by Vehumet.
  6856 | D:6      | Slain by a vampire

Illustrated notes

Levels and vault maps discovered:
D:1:      heliophobic_arrival_enchanted_forest, layout_basic, minmay_hexomino_u4
D:2:      layout_loops_cross, grunt_decor_arrowhead
D:3:      layout_basic, mainiacjoe_overflow_six_doors_small, grunt_ministairs_3,
          small_statue_alley_b, minivault_19
D:4:      layout_cave_pools, mainiacjoe_overflow_alcove_4, chequers_mini_garden,
          uniq_sigmund, uniq_pikel, uniq_duvessa, uniq_ijyb
D:5:      minmay_general_purpose_star, layout_loops_ring,
          nicolae_uskayaw_dance_hall, lemuel_coloured_pillars_altar,
          mainiacjoe_overflow_alcove_1, minmay_temple_entry_mist
D:6:      minmay_klotski, layout_rooms, kennysheep_pointless_box, hex_large,
          serial_bayou_pond_e, grunt_decor_mini_mirrors
D:7:      layout_cave_pods, kennysheep_mini, nicolae_twisty_statue_hallways
Temple:   eino_temple_rhombus

Skill      XL: |  1  2  3  4  5  6  7  8  9 10 |
---------------+-------------------------------+-----
Shapeshifting  | 4 5 6 7 |  7.0
Fighting       | 12 | 12.3
Evocations     | 1 4 5 |  5.0
Dodging        | 4 |  4.6
Spellcasting   | 2 3 |  3.6
Earth Magic    | 2 4 |  4.0
Unarmed Combat | |  3.0

Action                     |  1- 3 |  4- 6 |  7- 9 | 10-12 || total
---------------------------+-------+-------+-------+-------++-------
  Melee: Unarmed           |    58 |       |     3 |       ||    61
         Constrict         |    22 |    16 |    29 |     6 ||    73
         Tentacles         |    15 |    17 |    40 |     8 ||    80
         Trident           |    23 |   111 |   138 |    42 ||   314
         Punch             |     2 |     2 |     3 |     1 ||     8
   Cast: Sandblast         |       |       |     8 |     7 ||    15
  Evoke: Wand              |       |     2 |    22 |       ||    24
    Use: Scroll            |     5 |     8 |     7 |       ||    20
         Potion            |       |     6 |     2 |     3 ||    11
   Stab: Sleeping          |     1 |    12 |     7 |       ||    20
 Armour: Skin              |    32 |    66 |    70 |    66 ||   234
  Dodge: Dodged            |    44 |    33 |    90 |    28 ||   195
         Form:             |       |       |     1 |       ||     1
         Beast             |       |       |     1 |       ||     1

Table legend: (Time is in decaauts)
 A = Elapsed time spent in this place.
 B = Non-inter-level travel time spent in this place.
 C = Inter-level travel time spent in this place.
 D = Time resting spent in this place.
 E = Time spent auto-exploring this place.
 F = Levels seen in this place.
 G = Mean time per level.
                   A        B        C        D        E       F      G
               +--------+--------+--------+--------+--------+-----+--------+
         Total |   6955 |   6327 |    628 |   1346 |   3331 |   8 |  869.4 |
       Dungeon |   6942 |   6324 |    618 |   1346 |   3331 |   7 |  991.7 |
        Temple |     12 |      2 |     10 |      0 |      0 |   1 |   12.0 |
               +--------+--------+--------+--------+--------+-----+--------+

Top non-repeatable levels by time:
     D:6: 1336 daAuts
     D:3: 1320 daAuts
     D:5: 1182 daAuts
     D:4: 1035 daAuts
     D:1: 866 daAuts
     D:2: 779 daAuts
     D:7: 422 daAuts
  Temple: 12 daAuts
